 Dungeon Crawl Stone Soup version 0.26-a0-663-g36e8fdb655 (webtiles) character file.

Game seed: 1798051483927285933

200 jiml777 the Grasshopper (level 5, -7/43 HPs)
             Began as a Gnoll Warper on Oct 11, 2020.
             Killed by divine providence
             ... invoked by an orc priest
              (13 damage)
             ... on level 3 of the Dungeon.
             The game lasted 00:11:59 (2322 turns).

jiml777 the Grasshopper (Gnoll Warper)              Turns: 2322, Time: 00:12:00

Health: -7/43      AC:  5    Str: 14    XL:     5   Next: 79%
Magic:  12/12      EV: 13    Int: 16    God:
Gold:   213        SH:  5    Dex: 14    Spells: 12/14 levels left

rFire    . . .     SeeInvis .   a - +1 spear
rCold    . . .     Faith    .   (no shield)
rNeg     . . .     Spirit   .   f - +0 ring mail
rPois    .         Reflect  +   (no helmet)
rElec    .         Harm     .   (no cloak)
rCorr    .         Rampage  .   (no gloves)
MR       .....                  (no boots)
Stlth    +.........             v - amulet of reflection
HPRegen  0.14/turn              (no ring)
MPRegen  0.13/turn              (no ring)

@: no status effects
A: distributed training, fangs 1, strong nose
a: no special abilities


You were on level 3 of the Dungeon.
You visited 1 branch of the dungeon, and saw 3 of its levels.

You collected 213 gold pieces.

Inventory:

Hand Weapons
 a - a +1 spear (weapon)
Missiles
 e - 5 boomerangs of dispersal
 g - 78 sling bullets
 m - 31 arrows
 q - 10 poisoned darts (quivered)
 t - 39 bolts
 w - 3 boomerangs
Armour
 b - a +0 leather armour
 f - a +0 ring mail (worn)
Jewellery
 h - an uncursed ring of ice
 v - an amulet of reflection (around neck)
 y - a +6 ring of strength {unknown}
Scrolls
 c - 2 scrolls of enchant weapon
 d - a scroll of blinking
 n - a scroll of immolation {unknown}
 p - a scroll of fear {unknown}
 s - 2 scrolls of teleportation
 u - 2 scrolls of enchant armour {unknown}
 x - a scroll of remove curse {unknown}
Potions
 j - a potion of brilliance
 k - a potion of invisibility
 l - a potion of degeneration {unknown}
 o - a potion of lignification {unknown}
 r - a potion of mutation {unknown}
 z - 2 potions of heal wounds
 A - 2 potions of curing


   Skills:
 + Level 4.8 Fighting
 + Level 1.6 Short Blades
 + Level 1.6 Long Blades
 + Level 1.6 Axes
 + Level 1.6 Maces & Flails
 + Level 4.8 Polearms
 + Level 1.6 Staves
 + Level 1.6 Slings
 + Level 1.6 Bows
 + Level 1.6 Crossbows
 + Level 3.0 Throwing
 + Level 3.0 Armour
 + Level 4.8 Dodging
 + Level 1.6 Stealth
 + Level 1.6 Shields
 + Level 1.6 Unarmed Combat
 + Level 5.2 Spellcasting
 + Level 1.3 Conjurations
 + Level 1.3 Hexes
 + Level 1.3 Summonings
 + Level 1.3 Necromancy
 + Level 5.6 Translocations
 + Level 1.3 Transmutations
 + Level 1.3 Fire Magic
 + Level 1.3 Ice Magic
 + Level 1.3 Air Magic
 + Level 1.3 Earth Magic
 + Level 1.3 Poison Magic
 + Level 1.8 Invocations
 + Level 1.6 Evocations


You had 12 spell levels left.
You knew the following spells:

 Your Spells              Type           Power        Failure   Level
a - Blink                 Tloc           N/A          4%          2

Your spell library contained the following spells:

 Spells                   Type           Power        Failure   Level
 Gell's Gravitas          Tloc           ###.......   9%          3
 Lesser Beckoning         Tloc           ###.......   9%          3
 Teleport Other           Tloc           ###.....     9%          3
 Sting                    Tmut/Pois      #...         17%         1
 Passage of Golubria      Tloc           N/A          30%         4


Dungeon Overview and Level Annotations

Branches:
Dungeon (3/15)

Altars:
Fedhas
Kikubaaqudgha
Sif Muna
Vehumet


Innate Abilities, Weirdness & Mutations

Your experience applies equally to all skills.
You have very sharp teeth.
Your uncanny sense of smell can sniff out nearby items.


Message History

You hit the orc priest but do no damage.
The orc priest is heavily wounded.
The orc wizard points at you and mumbles some strange words.
The puff of flame hits you.
* * * LOW HITPOINT WARNING * * *
The orc priest completely misses you.
The orc priest calls upon Beogh to heal the orc priest.
The orc priest is healed somewhat.
You closely miss the orc priest.
The orc priest is moderately wounded.
The orc wizard barely misses you.
The orc priest hits you with a +0 hand axe.
* * * LOW HITPOINT WARNING * * *
The orc priest barely misses you.
You closely miss the orc priest.
The orc priest is lightly wounded.
You block the orc wizard's attack.
The orc priest mumbles some strange prayers to Beogh against you.
Beogh smites you!
You die...

#########
#.......##..
#.<.........
###.......#..
#............
#.#.†.....##
###.....K...#
#.....)ooo..#
#.#...##@#.....
#.#... #.#####.
#o#. #.# ....o
#.# ###... #.#
... ... ∆ ### ∆


You could see 2 orc priests, an orc wizard and a kobold.

Vanquished Creatures
  An ogre (D:2)
  5 adders (D:2)
  An ooze (D:2)
  2 worms (D:2)
  A dart slug (D:2)
  2 leopard geckos
  2 orcs (D:3)
  2 giant cockroaches (D:1)
  5 goblins
  7 hobgoblins
  A ball python (D:2)
  5 bats
  4 frilled lizards
  12 kobolds
  11 rats
61 creatures vanquished.

Notes
Turn   | Place    | Note
-------+----------+-------------------------------------------
     0 | D:1      | jiml777 the Gnoll Warper began the quest for the Orb.
     0 | D:1      | Reached XP level 1. HP: 20/20 MP: 6/6
   499 | D:1      | Reached XP level 2. HP: 26/26 MP: 7/7
  1043 | D:1      | Reached XP level 3. HP: 26/31 MP: 9/9
  1101 | D:1      | Learned a level 2 spell: Blink
  1197 | D:2      | Reached skill level 5 in Spellcasting
  1289 | D:2      | Reached skill level 1 in Invocations
  1301 | D:2      | Reached skill level 1 in Short Blades
  1301 | D:2      | Reached skill level 1 in Long Blades
  1301 | D:2      | Reached skill level 1 in Axes
  1301 | D:2      | Reached skill level 1 in Maces & Flails
  1301 | D:2      | Reached skill level 1 in Staves
  1301 | D:2      | Reached skill level 1 in Slings
  1301 | D:2      | Reached skill level 1 in Bows
  1301 | D:2      | Reached skill level 1 in Crossbows
  1301 | D:2      | Reached skill level 1 in Stealth
  1301 | D:2      | Reached skill level 1 in Shields
  1301 | D:2      | Reached skill level 1 in Unarmed Combat
  1301 | D:2      | Reached skill level 1 in Evocations
  1471 | D:2      | Reached XP level 4. HP: 38/38 MP: 11/11
  1537 | D:2      | Reached skill level 1 in Conjurations
  1537 | D:2      | Reached skill level 1 in Hexes
  1537 | D:2      | Reached skill level 1 in Summonings
  1537 | D:2      | Reached skill level 1 in Necromancy
  1537 | D:2      | Reached skill level 1 in Transmutations
  1537 | D:2      | Reached skill level 1 in Fire Magic
  1537 | D:2      | Reached skill level 1 in Ice Magic
  1537 | D:2      | Reached skill level 1 in Air Magic
  1537 | D:2      | Reached skill level 1 in Earth Magic
  1537 | D:2      | Reached skill level 1 in Poison Magic
  1574 | D:2      | Found a blossoming altar of Fedhas.
  1592 | D:2      | Noticed an ogre
  1639 | D:2      | Killed an ogre
  1639 | D:2      | Reached XP level 5. HP: 29/43 MP: 7/12
  2048 | D:2      | Found an ancient bone altar of Kikubaaqudgha.
  2272 | D:2      | Found a shimmering blue altar of Sif Muna.
  2274 | D:2      | Found a radiant altar of Vehumet.
  2278 | D:2      | Identified Sif Muna's Tome of Shape Shifting
  2322 | D:3      | Killed from afar by an orc priest

Illustrated notes

Levels and vault maps discovered:
D:1:      ebering_trefoil_3fold, layout_rooms, serial_forest,
          infiniplex_forest_pool, infiniplex_forest_clump_small,
          infiniplex_forest_straight_2, infiniplex_forest_clump_diagonal,
          infiniplex_forest_straight_2
D:2:      minmay_spotlight, layout_rooms, grunt_temple_overflow_magic_moments,
          lemuel_crystal_altar, supply_closet_lemuel, minmay_misc_feat_pillars,
          minmay_three_crescents
D:3:      layout_loops_corners, xom_teletrap_fun

Skill      XL: |  1  2  3  4 |
---------------+-------------+-----
Spellcasting   | 5 |  5.2
Invocations    | 1 |  1.8
Short Blades   | 1 |  1.6
Long Blades    | 1 |  1.6
Axes           | 1 |  1.6
Maces & Flails | 1 |  1.6
Staves         | 1 |  1.6
Slings         | 1 |  1.6
Bows           | 1 |  1.6
Crossbows      | 1 |  1.6
Stealth        | 1 |  1.6
Shields        | 1 |  1.6
Unarmed Combat | 1 |  1.6
Evocations     | 1 |  1.6
Conjurations   | 1 |  1.3
Hexes          | 1 |  1.3
Summonings     | 1 |  1.3
Necromancy     | 1 |  1.3
Transmutations | 1 |  1.3
Fire Magic     | 1 |  1.3
Ice Magic      | 1 |  1.3
Air Magic      | 1 |  1.3
Earth Magic    | 1 |  1.3
Poison Magic   | 1 |  1.3
Throwing       | 3 |  3.0
Armour         | 3 |  3.0
Fighting       | |  4.8
Polearms       | |  4.8
Dodging        | |  4.8
Translocations | |  5.6

Action                   |  1- 3 |  4- 6 || total
-------------------------+-------+-------++-------
Melee: Spear             |   120 |   151 ||   271
       Bite              |     9 |    16 ||    25
Throw: Dart              |       |     9 ||     9
 Cast: Blink             |       |     3 ||     3
  Use: Scroll            |       |     6 ||     6
 Stab: Sleeping          |       |     1 ||     1
Armor: Ring mail         |    36 |    30 ||    66
Dodge: Dodged            |    66 |    81 ||   147
Block: Other             |       |    17 ||    17

Table legend: (Time is in decaauts)
 A = Elapsed time spent in this place.
 B = Non-inter-level travel time spent in this place.
 C = Inter-level travel time spent in this place.
 D = Time resting spent in this place.
 E = Time spent auto-exploring this place.
 F = Levels seen in this place.
 G = Mean time per level.
                   A        B        C        D        E       F      G
               +--------+--------+--------+--------+--------+-----+--------+
         Total |   2284 |   2245 |     39 |    908 |    452 |   3 |  761.3 |
       Dungeon |   2284 |   2245 |     39 |    908 |    452 |   3 |  761.3 |
               +--------+--------+--------+--------+--------+-----+--------+

Top non-repeatable levels by time:
     D:1: 1178 daAuts
     D:2: 1082 daAuts
     D:3: 23 daAuts
